Map: Heavy Artillery LE

Players

Nahkis

  • Race: Terran Terran
  • League: Diamond
  • Spawn Location: 7:00

apassi

  • Race: Zerg Zerg
  • League: Diamond
  • Spawn Location: 7:00

Massa - Winner!

  • Race: Terran Terran
  • League: Platinum
  • Spawn Location: 3:00

qqq - Winner!

  • Race: Zerg Zerg
  • League: Platinum
  • Spawn Location: 1:00

VOD

Have the link to the VOD?

Description

Time

  • Played on: Jan. 25, 2021, 3:43 p.m.
  • Length: 23:09
Show
View Real Time Build Order
Export as new Build Order

Nahkis Terran 

Build Orders: Gas First Reaper Expand 

Get SALT Encoding   

  12  0:00  SCV  
  13  0:13  SCV  
  14  0:17  Supply Depot  
  14  0:25  SCV  
  15  0:30  Refinery  
  15  0:39  SCV  
  16  0:45  Barracks  
  16  0:51  SCV  
  17  1:03  SCV  
  18  1:15  SCV  
  19  1:33  Reaper  
  19  1:34  Orbital Command  
  20  1:51  Command Center  
  20  2:03  SCV  
  20  2:05  Supply Depot  
  21  2:18  Factory  
  21  2:21  Barracks Reactor  
  21  2:23  SCV  
  21  2:25  Refinery  
  22  2:35  SCV  
  23  2:47  SCV  
  24  2:59  SCV  
  24  3:02  Factory Tech Lab, Marine x2  
  24  3:04  Orbital Command  
  27  3:07  Starport  
  27  3:11  SCV  
  28  3:20  Marine  
  28  3:21  Marine  
  28  3:22  Siege Tank  
  28  3:23  SCV  
  34  3:35  SCV  
  34  3:37  SCV, Marine  
  34  3:39  Marine  
  38  3:44  Medivac  
  38  3:47  SCV  
  41  3:49  SCV  
  41  3:52  Supply Depot  
  42  3:55  Marine  
  42  3:57  Marine  
  42  3:59  SCV, Siege Tank  
  42  4:01  SCV  
  49  4:11  Refinery, SCV  
  49  4:13  SCV, Marine  
  49  4:15  Marine  
  53  4:24  SCV  
  54  4:25  SCV, Medivac  
  54  4:29  Engineering Bay  
  54  4:30  Supply Depot  
  57  4:37  Siege Tank  
  60  4:40  SCV x2  
  62  4:49  Marine x2  
  62  4:52  SCV  
  65  4:53  SCV  
  66  5:04  SCV, Liberator  
  66  5:05  SCV  
  71  5:10  Supply Depot  
  71  5:16  SCV  
  71  5:17  SCV  
  73  5:28  SCV  
  74  5:37  Marine x2  
  74  5:38  Siege Tank  
  79  5:55  SCV x2, Marine x2  
  82  6:01  Starport Reactor  
  82  6:13  Marine x2  
  82  6:14  SCV  
  85  6:21  Refinery, Hi-Sec Auto Tracking, Command Center  
  85  6:22  Missile Turret x2  
  83  6:31  Marine x2  
  85  6:35  Cyclone  
  88  6:41  Starport  
  88  6:43  Barracks, Missile Turret  
  88  6:44  Missile Turret x2  
  88  6:45  Missile Turret, Supply Depot  
  88  6:47  Medivac x2  
  88  6:49  Marine x2, Missile Turret  
  94  6:55  SCV, Supply Depot  
  94  6:56  SCV  
  88  7:08  SCV  
  88  7:11  Marine x2  
  88  7:12  Cyclone  
  94  7:16  SCV  
  94  7:19  Viking, Medivac  
  94  7:20  SCV  
  99  7:37  Missile Turret  
  99  7:38  Missile Turret  
  99  7:40  Sensor Tower, Missile Turret  
  99  7:41  Barracks Tech Lab, Missile Turret, Supply Depot  
  99  7:42  Starport Tech Lab  
  99  7:54  Terran Infantry Weapons Level 1  
  99  7:56  Marine x2  
  101  8:03  Barracks  
  101  8:04  Supply Depot  
  101  8:05  Barracks x2  
  101  8:06  Marine  
  102  8:14  Marine x2, Siege Tank  
  107  8:24  Marine  
  108  8:33  Command Center  
  108  8:34  Missile Turret  
  108  8:37  SCV, Missile Turret  
  109  8:43  Missile Turret  
  109  8:52  Stimpack  
  109  8:53  Marine x3  
  109  8:54  Marine  
  111  9:05  Missile Turret  
  111  9:06  Missile Turret  
  108  9:11  Refinery, Sensor Tower, Marine x2  
  108  9:12  Refinery  
  108  9:15  Barracks Tech Lab x2  
  108  9:16  Barracks Tech Lab  
  110  9:21  Planetary Fortress  
  110  9:22  SCV  
  111  9:24  Marine  
  111  9:29  Marine  
  113  9:31  Marine  
  113  9:34  Raven  
  116  9:39  SCV  
  116  9:40  SCV  
  116  9:43  Marauder  
  120  9:47  Armory  
  120  9:48  Terran Infantry Armor Level 1  
  120  9:50  Engineering Bay  
  120  9:54  Orbital Command  
  120  9:55  SCV x2  
  122  10:02  Medivac  
  124  10:09  SCV x2  
  124  10:14  Missile Turret, Supply Depot  
  126  10:15  Marine  
  126  10:16  Marauder  
  126  10:17  Raven  
  131  10:34  Marine x2  
  131  10:35  Marine x3  
  132  10:36  Marine  
  112  10:52  Marine x5  
  112  10:53  Medivac, Siege Tank  
  112  10:54  Marine, Medivac  
  119  11:09  Marine  
  119  11:10  Marine x4  
  118  11:12  Marine  
  111  11:23  SCV x4  
  112  11:25  Siege Tank  
  112  11:27  Marine  
  116  11:35  SCV x4, Terran Infantry Weapons Level 2, Terran Ship Weapons Level 1  
  116  11:36  Combat Shield  
  116  11:37  Concussive Shells  
  116  11:38  Marine  
  116  11:39  Marine x4  
  125  11:45  Marine  
  126  11:56  Marine  
  126  11:57  Marine x2, Siege Tank  
  126  12:00  Missile Turret  
  126  12:01  Missile Turret, Supply Depot  
  132  12:02  SCV, Missile Turret  
  132  12:03  SCV x3  
  132  12:07  Marine x2  
  132  12:08  Marine  
  139  12:11  Terran Infantry Armor Level 2  
  139  12:14  SCV, Marine  
  139  12:15  SCV x3  
  144  12:21  Missile Turret  
  144  12:31  Command Center, Missile Turret  
  144  12:33  SCV  
  144  12:34  SCV x2, Missile Turret  
  132  12:45  Viking  
  132  12:46  Viking x2  
  122  13:05  Starport  
  122  13:06  Starport  
  120  13:15  Viking x2  
  124  13:20  Refinery, Viking  
  126  13:28  SCV x2  
  126  13:29  Terran Vehicle And Ship Armor Level 1  
  128  13:41  Viking  
  128  13:44  Viking  
  128  13:45  Viking x2  
  136  13:50  Viking  
  136  13:55  Planetary Fortress, Missile Turret x2  
  138  13:57  SCV x2  
  138  14:00  Refinery  
  140  14:05  Armory  
  140  14:09  Supply Depot  
  140  14:11  Supply Depot  
  140  14:14  Viking  
  140  14:15  Viking  
  144  14:22  Viking  
  144  14:23  Viking  
  148  14:30  Marine x3  
  148  14:31  Marine x3  
  154  14:47  Starport Tech Lab, Viking  
  154  14:48  Marine x4, Viking  
  154  14:49  SCV  
  154  14:50  SCV x2  
  154  14:52  Viking  
  167  14:53  Terran Ship Weapons Level 2, Viking  
  167  14:55  SCV x2  
  171  15:02  SCV  
  172  15:11  Missile Turret  
  173  15:14  SCV x2  
  173  15:15  Missile Turret  
  174  15:22  Marine  
  174  15:23  Marine x5  
  180  15:39  Refinery, Command Center  
  180  15:40  Marine  
  180  15:41  Marine x2  
  183  15:44  Marine  
  183  15:45  Marine x2  
  183  15:46  Starport Tech Lab, Viking  
  183  15:47  Viking x2  
  183  15:48  Terran Vehicle Weapons Level 1  
  192  15:56  Terran Infantry Armor Level 3  
  192  15:58  Marine x3  
  192  16:00  Missile Turret  
  195  16:04  Refinery  
  195  16:09  Starport x2  
  195  16:14  Fusion Core  
  195  16:15  Armory  
  180  16:28  Viking  
  180  16:29  Viking x4  
  185  16:41  Siege Tank  
  186  17:07  Liberator  
  186  17:08  Liberator x6  
  171  17:23  Marine  
  171  17:24  Marauder x4  
  171  17:29  Orbital Command  
  165  17:45  Marauder  
  165  17:46  Marauder  
  165  17:47  Marauder  
  165  17:50  Liberator  
  169  17:51  Liberator  
  169  17:52  Liberator x2  
  169  17:53  Liberator  
  162  18:02  Marine  
  162  18:04  Medivac x2  
  140  18:05  Siege Tank  
  140  18:06  Marine  
  140  18:07  Marine  
  140  18:08  Marine  
  138  18:20  Marine  
  138  18:24  Marine x2  
  138  18:26  Marine  
  141  18:33  Viking  
  143  18:34  Viking x3  
  143  18:35  Viking x2  
  143  18:36  Viking  
  143  18:37  Siege Tank  
  130  19:03  Viking  
  130  19:04  Viking x3  
  130  19:05  Viking x2  
  123  19:24  Marine  
  123  19:25  Marine x3  
  123  19:26  Medivac  
  110  19:35  Medivac  
  99  19:42  Marine x4  
  103  19:53  Barracks x2  
  103  20:00  Marine x4  
  103  20:06  Starport Tech Lab  
  103  20:07  Banshee x2  
  87  20:19  Starport Tech Lab  
  90  20:23  Barracks x2  
  90  20:25  Supply Depot  
  84  20:39  Banshee  
  84  20:40  Cloaking Field  
  84  20:42  Marine x2  
  86  20:45  SCV x4  
  86  20:49  Banshee  
  90  20:54  Hyperflight Rotors  
  93  20:57  SCV x4  
  93  21:00  Marine x2  
  93  21:03  Banshee  
  102  21:09  SCV x3  
  102  21:10  SCV  
  105  21:11  Marine  
  105  21:12  Marine  
  105  21:18  Marine x2  
  108  21:26  Marine, Supply Depot x2  
  108  21:29  Marine x2  
  111  21:35  Marine, Viking  
  111  21:36  Marine, Viking x3  
  121  21:40  SCV  
  121  21:41  SCV x2  
  121  21:43  Supply Depot  
  121  21:44  Marine  
  121  21:45  Supply Depot  
  121  21:46  Viking, Supply Depot  
  121  21:47  Marine x2, Supply Depot  
  127  21:53  Marine  
  127  21:54  Marine  
  128  22:02  Marine  
  128  22:05  Marine x2, Viking  
  128  22:06  Banshee  
  136  22:11  Marine  
  136  22:12  Marine  
  128  22:19  Marine, Viking  
  128  22:21  SCV  
  128  22:22  SCV, Marine  
  132  22:23  Marine  
  132  22:29  Marine x2  
  112  22:40  Marine, Supply Depot  
  112  22:41  Marine, Supply Depot  
  113  22:47  Marine x2  
  113  22:48  Factory Tech Lab  
Show
View Real Time Build Order
Export as new Build Order

apassi Zerg 

Build Orders: Hatch First 

Get SALT Encoding   

  12  0:00  Drone  
  13  0:12  Overlord  
  13  0:17  Drone  
  14  0:31  Drone x2  
  16  0:48  Hatchery  
  15  0:52  Drone  
  15  0:56  Extractor  
  15  0:57  Drone  
  16  1:12  Spawning Pool  
  16  1:14  Drone  
  16  1:18  Drone  
  17  1:22  Drone  
  18  1:34  Drone  
  18  1:39  Drone  
  20  1:50  Drone  
  21  2:00  Queen x2  
  25  2:02  Metabolic Boost  
  25  2:05  Zergling x2  
  25  2:07  Zergling x2  
  27  2:13  Overlord  
  27  2:20  Drone  
  28  2:32  Drone x2  
  28  2:33  Drone  
  31  2:51  Drone  
  31  2:52  Drone x2  
  34  2:59  Hatchery  
  34  3:00  Overlord  
  33  3:09  Overlord  
  33  3:10  Overlord  
  33  3:19  Baneling Nest  
  32  3:23  Zergling x8  
  35  3:33  Zergling x8  
  39  3:35  Zergling x2  
  40  3:43  Overlord  
  40  3:57  Lair  
  40  4:00  Drone x4  
  40  4:01  Extractor  
  43  4:08  Drone  
  44  4:21  Queen  
  46  4:27  Zergling x2  
  46  4:28  Zergling x14  
  46  4:29  Zergling x2  
  55  4:40  Drone x2  
  59  4:47  Extractor  
  59  4:48  Drone x3  
  59  4:49  Drone x2, Extractor  
  59  4:52  Drone x4  
  64  4:57  Drone  
  65  5:00  Drone  
  65  5:04  Spore Crawler x2  
  64  5:07  Centrifical Hooks  
  64  5:13  Drone x2, Evolution Chamber  
  65  5:14  Evolution Chamber  
  64  5:23  Zergling x4  
  64  5:25  Overlord x2  
  66  5:43  Zergling x4  
  66  5:46  Baneling x2  
  66  5:47  Baneling x2  
  66  5:48  Zergling x4  
  66  5:49  Zergling x6  
  73  6:00  Drone x4  
  73  6:03  Drone x3  
  73  6:04  Drone x2  
  81  6:07  Zerg Melee Weapons Level 1  
  80  6:12  Zerg Ground Armor Level 1  
  74  6:21  Hydralisk Den  
  68  6:31  Spore Crawler  
  68  6:32  Spore Crawler x2  
  59  6:45  Spore Crawler  
  58  6:52  Spore Crawler  
  58  6:53  Spore Crawler  
  56  6:55  Spore Crawler x2  
  56  6:57  Hydralisk x7  
  68  7:04  Spore Crawler  
  68  7:05  Muscular Augments  
  67  7:17  Hydralisk  
  67  7:18  Hydralisk x3  
  75  7:33  Overseer  
  75  7:34  Overseer  
  75  7:35  Overlord x2  
  75  7:44  Overlord  
  75  7:45  Overlord x2  
  75  7:50  Overlord  
  75  8:01  Hydralisk x3, Overlord  
  81  8:08  Drone x3  
  84  8:18  Baneling x4, Hydralisk  
  86  8:22  Hydralisk  
  86  8:24  Hydralisk  
  89  8:42  Spore Crawler  
  89  8:45  Drone x4  
  89  8:46  Overlord  
  92  8:49  Drone x2  
  92  8:51  Drone  
  95  8:56  Pneumatized Carapace  
  95  8:57  Hydralisk  
  95  9:00  Drone  
  98  9:05  Grooved Spines  
  98  9:09  Drone x3  
  101  9:14  Drone x3  
  104  9:26  Overlord x2  
  104  9:27  Drone x4  
  104  9:28  Drone x2  
  110  9:32  Drone x3  
  113  9:40  Zerg Missile Weapons Level 1  
  113  9:41  Zerg Ground Armor Level 2  
  113  9:48  Drone x2  
  113  9:49  Drone  
  113  9:51  Spore Crawler  
  115  9:57  Nydus Network  
  114  10:02  Extractor  
  114  10:04  Extractor  
  114  10:05  Hydralisk x3  
  118  10:10  Hydralisk x2  
  122  10:16  Hatchery, Zergling x6  
  124  10:22  Overlord  
  124  10:33  Hatchery  
  116  10:52  Hydralisk x4  
  116  10:56  Hydralisk x4  
  123  11:04  Zergling x4  
  123  11:05  Zergling x14  
  123  11:07  Overlord x4  
  132  11:22  Baneling  
  132  11:23  Baneling x6  
  132  11:24  Overlord x3  
  132  11:31  Hatchery  
  131  11:47  Hydralisk  
  131  11:48  Hydralisk  
  131  11:50  Hydralisk x4  
  131  11:51  Hydralisk x5  
  153  12:04  Zerg Missile Weapons Level 2  
  153  12:06  Zerg Melee Weapons Level 2  
  153  12:11  Infestation Pit  
  152  12:36  Baneling  
  152  12:37  Baneling x9  
  152  12:49  Lurker Den  
  146  13:09  Spire  
  142  13:16  Hydralisk x14  
  142  13:17  Hydralisk x7  
  130  14:02  Hydralisk  
  130  14:03  Hydralisk x16  
  130  14:09  Extractor  
  145  14:10  Extractor  
  145  14:14  Hive  
  136  14:30  Corruptor x4  
  136  14:31  Corruptor  
  146  14:55  Nydus Canal  
  146  14:59  Hydralisk  
  146  15:01  Corruptor x3  
  146  15:03  Corruptor x3  
  160  15:07  Corruptor  
  158  15:42  Corruptor x5  
  148  15:56  Corruptor x2  
  152  16:09  Corruptor x3  
  152  16:10  Corruptor  
  160  16:12  Corruptor  
  160  16:15  Hydralisk  
  164  16:23  Corruptor  
  166  16:28  Zerg Flyer Weapons Level 1  
  166  16:29  Adaptive Talons  
  166  16:35  Drone x3  
  154  17:03  Hydralisk  
  147  17:09  Hydralisk x5  
  147  17:10  Hydralisk x2  
  129  17:22  Corruptor  
  129  17:23  Corruptor  
  73  17:39  Corruptor x2  
  65  17:52  Lurker x2  
  65  17:53  Lurker  
  68  18:00  Hatchery  
  68  18:04  Corruptor  
  69  18:23  Corruptor x2  
  73  18:30  Corruptor  
  73  18:39  Corruptor  
  73  18:46  Corruptor  
  75  18:58  Corruptor  
  77  19:04  Corruptor  
  79  19:45  Corruptor  
  79  19:46  Corruptor x3  
  73  20:43  Corruptor  
  73  20:44  Corruptor x5  
  73  20:47  Corruptor  
  87  20:55  Drone x2  
  31  22:03  Spawning Pool  
Show
View Real Time Build Order
Export as new Build Order

Massa Terran - Winner!

Build Orders:  

Get SALT Encoding   

  12  0:02  SCV  
  13  0:14  SCV  
  14  0:25  Supply Depot  
  14  0:26  SCV  
  15  0:36  Refinery  
  15  0:46  SCV  
  15  0:47  Barracks  
  16  0:58  SCV  
  17  1:10  SCV  
  18  1:23  SCV  
  19  1:39  Orbital Command  
  19  1:40  Barracks Reactor  
  19  1:47  Command Center  
  19  2:09  SCV  
  19  2:10  Supply Depot  
  19  2:12  Factory  
  20  2:16  Marine x2  
  20  2:21  SCV  
  23  2:33  Marine  
  23  2:34  Marine  
  25  2:38  Supply Depot  
  25  2:51  SCV, Marine  
  26  2:52  Marine  
  28  3:03  SCV  
  28  3:04  Hellion  
  31  3:07  Orbital Command  
  31  3:09  Marine x2  
  33  3:15  SCV  
  34  3:27  SCV  
  35  3:38  Starport, SCV, Barracks Tech Lab  
  35  3:39  SCV  
  39  3:41  Hellion x2  
  41  3:50  SCV  
  41  3:51  SCV  
  43  4:02  SCV  
  46  4:03  SCV, Hellion x2  
  46  4:04  Stimpack  
  49  4:14  SCV  
  49  4:16  SCV  
  51  4:19  Refinery, Engineering Bay  
  51  4:24  Barracks, Hellion  
  53  4:30  Supply Depot  
  53  4:31  Supply Depot  
  53  4:42  SCV  
  53  4:43  Starport Tech Lab  
  54  4:49  Missile Turret  
  54  4:51  Missile Turret  
  54  4:52  SCV, Hellion x2  
  59  4:54  Supply Depot  
  59  4:57  Supply Depot  
  59  5:13  Hellion, Missile Turret  
  61  5:14  SCV x2  
  61  5:19  Banshee  
  61  5:20  Refinery  
  66  5:21  Cloaking Field  
  66  5:26  SCV  
  66  5:27  SCV  
  68  5:38  SCV  
  68  5:39  Widow Mine  
  68  5:40  Marine  
  72  5:44  Marine  
  59  5:57  Marine  
  59  6:01  Marine  
  46  6:12  Banshee  
  50  6:19  Marine  
  50  6:39  Marine  
  50  6:46  Barracks  
  51  6:47  Barracks x2  
  51  6:49  Terran Infantry Weapons Level 1  
  51  6:55  Banshee  
  51  6:57  Marine  
  55  7:02  Refinery  
  55  7:07  Supply Depot  
  55  7:15  Marine  
  56  7:23  Command Center  
  56  7:30  Supply Depot  
  56  7:35  Marine  
  56  7:36  Factory  
  57  7:37  Factory  
  51  7:51  Medivac  
  51  7:53  Marine  
  51  7:57  Barracks Reactor, Barracks Tech Lab  
  51  7:58  Barracks Tech Lab  
  54  8:07  Barracks x2  
  54  8:11  Marine  
  54  8:12  SCV x2  
  57  8:21  Medivac  
  57  8:22  Missile Turret  
  57  8:24  SCV x2  
  61  8:30  Command Center  
  61  8:36  SCV  
  61  8:40  Marauder x2, Marine x2  
  69  8:43  Barracks Tech Lab  
  69  8:47  Factory Tech Lab  
  69  8:48  Factory Tech Lab  
  68  8:51  Medivac  
  70  8:58  Marine x2  
  70  9:01  Marauder x2  
  75  9:11  Siege Tank x2  
  75  9:13  Barracks Tech Lab  
  81  9:18  SCV x3  
  81  9:23  Refinery  
  84  9:24  Refinery  
  84  9:30  SCV x2  
  84  9:31  SCV  
  87  9:35  Terran Infantry Armor Level 1  
  87  9:42  SCV  
  87  9:43  SCV x2, Armory, Siege Tank x2  
  96  9:45  Engineering Bay  
  96  9:57  Planetary Fortress  
  96  10:04  SCV x2  
  96  10:06  Planetary Fortress  
  98  10:07  Missile Turret  
  98  10:11  Missile Turret  
  98  10:14  Barracks Reactor  
  98  10:15  Marine x5  
  98  10:16  SCV x2, Marauder  
  107  10:21  Siege Tank x2  
  107  10:28  SCV x2  
  115  10:29  Missile Turret  
  115  10:33  Missile Turret  
  114  10:50  Missile Turret  
  114  10:54  Missile Turret  
  107  11:16  Missile Turret  
  107  11:40  Refinery  
  107  11:42  Supply Depot x2  
  107  11:43  Terran Infantry Armor Level 2, Terran Infantry Weapons Level 2  
  107  11:44  Supply Depot  
  107  11:45  Command Center, Terran Vehicle Weapons Level 1  
  107  11:46  Supply Depot  
  107  11:51  Supply Depot x2  
  107  12:06  Marine x2  
  107  12:07  Marine x2  
  107  12:08  SCV, Marauder, Siege Tank  
  117  12:09  Supply Depot  
  117  12:10  Supply Depot x2  
  117  12:12  Marine x3, Siege Tank  
  117  12:14  Supply Depot  
  123  12:17  Supply Depot  
  123  12:18  Supply Depot  
  123  12:24  Marauder x2  
  123  12:25  Marine x2  
  123  12:29  Marine  
  130  12:30  Marauder, Marine x2  
  130  12:35  Supply Depot  
  130  12:36  Supply Depot  
  134  12:38  Supply Depot  
  134  12:39  Thor  
  134  12:42  Supply Depot  
  134  12:43  Marine  
  132  12:44  Thor  
  132  12:45  Marauder x2, Marine  
  132  12:47  Marauder  
  132  12:48  Marine x2  
  147  12:52  Marauder  
  146  13:01  Marine  
  146  13:03  Marine  
  148  13:07  Marauder x2  
  148  13:08  Marauder  
  154  13:13  Marauder  
  146  13:27  Marine  
  146  13:28  Marauder x2, Marine x3  
  146  13:30  Marauder  
  142  13:34  Marauder  
  142  13:39  Thor x2  
  144  13:45  Marine x2  
  144  13:46  Marine x2  
  148  13:50  Marauder x2  
  148  13:51  Marauder  
  148  13:56  Marauder  
  150  14:03  Marine x4  
  152  14:10  Medivac  
  152  14:11  Marauder x2  
  152  14:13  Marauder  
  160  14:22  Thor  
  166  14:28  Orbital Command  
  166  14:33  Starport  
  166  14:37  Starport  
  166  14:40  Medivac  
  168  14:53  Combat Shield  
  168  14:54  Concussive Shells  
  168  15:01  Refinery  
  168  15:10  Medivac  
  168  15:12  Starport Reactor  
  170  15:40  Medivac  
  168  15:46  Starport Reactor  
  168  15:48  Medivac x2  
  171  15:59  Terran Infantry Weapons Level 3  
  171  16:00  Terran Infantry Armor Level 3  
  171  16:10  Medivac  
  173  16:30  Terran Vehicle Weapons Level 2  
  173  16:32  Smart Servos  
  173  16:33  Drilling Claws  
  123  17:26  Marauder x4, Marine  
  123  17:27  Marine x2  
  123  17:28  Medivac x4  
  123  17:29  Medivac  
  142  17:30  Thor x2  
  153  17:47  Marauder  
  153  17:48  Marauder x3  
  125  18:09  Marauder x4  
  125  18:10  Marine x4  
  116  18:13  Siege Tank x2  
  122  18:21  Medivac x5  
  132  18:27  Marine  
  132  18:28  Marine x3  
  132  18:30  Marauder x4  
  144  18:45  Marine  
  144  18:46  Marine x3  
  148  18:51  Marauder, Medivac x2  
  148  18:52  Marauder x3  
  156  19:13  Marauder x4  
  136  19:30  Marine x2  
  136  19:31  Marine x2  
  130  19:32  Thor x2  
  130  19:33  Marine  
  130  19:34  Marine x3  
  146  19:48  Marine x4  
  146  19:51  Marine  
  151  19:53  Medivac x4  
  151  19:54  Medivac  
  157  20:11  Marauder x4  
  157  20:12  Marine  
  160  20:14  Marine x2  
  160  20:15  Marine, Thor x2  
  173  20:29  Marine  
  173  20:32  Marauder, Marine x2  
  173  20:33  Marauder x3  
  184  20:37  Marine  
  185  20:47  Marine  
  186  20:50  Marine x2  
  186  20:54  Marauder x3, Marine x2  
  196  21:05  Marine  
  196  21:08  Marine x2  
  197  21:11  Marine  
  197  21:12  Marine  
  199  21:19  Marine  
  198  21:31  Hi-Sec Auto Tracking, Armory  
  194  21:59  Medivac x3  
  200  22:14  Command Center  
Show
View Real Time Build Order
Export as new Build Order

qqq Zerg - Winner!

Build Orders: Hatch First, Brood Lord Corruptor 

Get SALT Encoding   

  12  0:01  Drone  
  13  0:09  Drone  
  14  0:17  Overlord  
  14  0:43  Hatchery  
  14  0:47  Drone  
  14  0:51  Drone  
  14  0:56  Drone  
  16  1:05  Drone  
  17  1:18  Spawning Pool  
  16  1:31  Drone  
  17  1:34  Drone x2  
  17  1:35  Extractor  
  18  1:45  Extractor  
  18  1:51  Extractor  
  18  1:53  Drone  
  18  2:05  Drone  
  18  2:08  Hatchery  
  18  2:12  Extractor  
  18  2:15  Queen  
  20  2:25  Queen  
  20  2:29  Drone  
  23  2:33  Drone  
  24  2:40  Overlord  
  24  2:46  Drone  
  24  2:47  Drone  
  24  2:50  Drone  
  27  3:01  Lair  
  27  3:06  Drone x2  
  27  3:10  Drone  
  31  3:12  Drone  
  31  3:13  Extractor  
  31  3:14  Drone  
  31  3:19  Drone  
  32  3:32  Drone x2  
  32  3:33  Drone x2  
  36  3:34  Overlord  
  36  3:38  Drone  
  36  3:41  Drone, Spore Crawler  
  36  3:47  Overlord  
  37  3:49  Drone  
  37  3:51  Drone  
  39  4:06  Infestation Pit  
  39  4:07  Drone x2  
  39  4:09  Drone x3  
  43  4:18  Spire  
  43  4:20  Drone  
  43  4:23  Drone x3  
  46  4:27  Extractor  
  46  4:29  Extractor  
  46  4:30  Extractor  
  46  4:31  Drone  
  44  4:32  Extractor  
  44  4:33  Overlord  
  44  4:34  Overlord  
  44  4:36  Overlord  
  43  4:41  Drone  
  43  4:42  Drone  
  45  4:47  Hive  
  45  4:51  Drone x2  
  47  4:58  Drone  
  47  4:59  Drone x4  
  52  5:12  Queen  
  54  5:22  Drone x4  
  54  5:25  Drone  
  59  5:30  Mutalisk  
  59  5:31  Mutalisk x4  
  69  5:39  Spine Crawler  
  68  5:43  Spine Crawler  
  68  5:46  Spine Crawler  
  68  5:48  Mutalisk x2  
  70  5:50  Mutalisk  
  70  5:52  Overlord  
  72  5:58  Mutalisk  
  72  6:00  Zergling x4  
  72  6:01  Zergling x2  
  68  6:11  Drone x3  
  57  6:27  Mutalisk x3  
  60  6:38  Mutalisk  
  62  6:42  Drone x2  
  62  6:43  Drone x2  
  66  6:50  Drone  
  67  7:15  Drone x2  
  69  7:18  Hatchery  
  69  7:22  Drone  
  69  7:30  Hatchery  
  69  7:36  Mutalisk  
  69  7:37  Mutalisk  
  72  7:44  Greater Spire  
  72  7:45  Drone x2  
  72  7:50  Spire  
  72  7:51  Drone  
  74  7:57  Overlord  
  74  8:09  Overlord x3  
  74  8:12  Drone  
  75  8:13  Drone  
  65  8:39  Viper, Corruptor x2  
  65  8:40  Viper  
  65  8:41  Corruptor  
  71  8:43  Drone x2  
  71  8:44  Drone  
  71  8:46  Drone  
  71  8:47  Drone  
  78  8:56  Corruptor  
  78  9:08  Corruptor  
  78  9:19  Queen  
  78  9:20  Drone x2  
  78  9:21  Drone x3  
  85  9:32  Pneumatized Carapace  
  85  9:36  Overseer  
  85  9:39  Brood Lord  
  85  9:40  Drone x2  
  85  9:41  Drone  
  90  9:47  Brood Lord  
  92  9:53  Drone x2  
  92  9:54  Drone x2  
  96  10:03  Brood Lord  
  96  10:06  Drone  
  96  10:07  Drone  
  100  10:10  Brood Lord  
  102  10:14  Drone  
  102  10:15  Drone  
  102  10:16  Corruptor  
  102  10:19  Extractor  
  102  10:20  Extractor  
  80  10:44  Hatchery, Corruptor x3  
  64  10:58  Corruptor x2  
  64  10:59  Corruptor  
  70  11:13  Greater Spire  
  70  11:17  Drone  
  70  11:18  Drone x2  
  73  11:22  Mutalisk x2  
  78  11:25  Drone  
  78  11:38  Drone  
  78  11:39  Drone x2  
  81  11:43  Drone  
  81  11:46  Spire  
  81  11:49  Hatchery  
  81  11:53  Corruptor  
  82  11:57  Drone x3  
  85  12:06  Drone  
  85  12:07  Spawning Pool  
  85  12:08  Drone x2  
  87  12:28  Brood Lord x2  
  91  12:30  Brood Lord  
  91  12:32  Drone  
  91  12:33  Drone x5  
  99  13:11  Brood Lord x3  
  105  13:15  Drone x5  
  105  13:16  Drone x4  
  114  13:21  Drone x2  
  116  13:35  Zerg Flyer Armor Level 1  
  116  13:37  Zerg Flyer Weapons Level 1  
  113  13:41  Extractor  
  113  13:42  Extractor  
  109  14:04  Lair  
  107  14:11  Drone x5  
  107  14:13  Overlord x2  
  107  14:14  Overlord  
  112  14:23  Hatchery  
  111  14:30  Overlord  
  111  14:31  Drone  
  112  14:32  Drone x2  
  108  14:49  Hatchery  
  108  14:50  Corruptor x2  
  108  14:52  Drone x4  
  115  14:53  Drone x4  
  115  14:56  Drone  
  115  14:59  Spine Crawler  
  119  15:02  Spore Crawler  
  119  15:03  Drone  
  119  15:04  Spore Crawler  
  116  15:26  Drone x3  
  116  15:27  Drone x2  
  119  15:41  Drone x3  
  121  15:46  Spawning Pool, Lair  
  120  15:51  Drone x3  
  120  15:56  Drone x4  
  127  16:04  Hatchery  
  126  16:11  Hatchery  
  124  16:34  Corruptor x4  
  124  16:35  Corruptor x5  
  142  16:48  Queen  
  144  16:57  Overlord  
  144  16:58  Overlord x2  
  144  17:10  Spore Crawler  
  144  17:11  Spore Crawler x2  
  133  17:23  Corruptor x6  
  133  17:24  Queen  
  139  17:36  Spore Crawler  
  132  17:38  Spore Crawler  
  132  17:40  Drone  
  132  17:41  Drone x8  
  132  17:42  Drone x3  
  143  17:47  Drone  
  143  17:48  Drone x3  
  147  17:54  Drone x3  
  147  17:56  Zerg Flyer Weapons Level 2  
  150  18:22  Lair  
  150  18:24  Hive  
  150  18:28  Zerg Flyer Armor Level 2, Spire  
  150  18:33  Corruptor x3  
  133  18:54  Corruptor  
  133  18:55  Corruptor x3  
  107  18:56  Corruptor x8  
  107  18:58  Drone x2  
  107  18:59  Drone  
  120  19:14  Drone  
  120  19:15  Drone  
  122  19:17  Corruptor x2  
  122  19:22  Corruptor x2  
  122  19:23  Corruptor x3  
  130  19:31  Brood Lord x2  
  130  19:41  Overseer  
  125  19:47  Brood Lord x2  
  128  19:59  Drone x6  
  135  20:00  Drone x6  
  135  20:05  Brood Lord  
  142  20:13  Extractor  
  142  20:14  Extractor, Spore Crawler  
  133  20:16  Spine Crawler x2  
  133  20:18  Spore Crawler  
  125  20:21  Brood Lord x2  
  125  20:24  Drone x3  
  125  20:25  Drone  
  133  20:29  Mutalisk  
  134  20:56  Drone x5  
  134  20:57  Drone x8  
  140  20:58  Drone x2  
  140  21:58  Corruptor x3  
  140  22:00  Drone x5  
  139  22:17  Drone  
  139  22:18  Drone x2  
Tags
 
Add a new tag
Caveats
  • Supply blocks, unpowered buildings, or Contaminate may cause inaccurate times.
  • Supply counts are checked every 10 seconds.